Map: Acropolis LE

Players

Stephano - Winner!

  • Race: Zerg Zerg
  • Spawn Location: 5:00

Gerald

  • Race: Protoss Protoss
  • Spawn Location: 11:00

VOD

Have the link to the VOD?

Description

Time

  • Played on: Sept. 6, 2019, 7:55 p.m.
  • Length: 11:30
Show
View Real Time Build Order
Export as new Build Order

Stephano Zerg - Winner!

Build Orders: Hatch First 

Get SALT Encoding   

  12  0:00  Drone  
  13  0:12  Overlord  
  13  0:17  Drone  
  14  0:30  Drone x2  
  16  0:47  Hatchery  
  15  0:51  Drone  
  15  0:54  Drone  
  17  0:57  Drone  
  18  1:09  Extractor  
  17  1:13  Spawning Pool  
  17  1:15  Drone  
  17  1:18  Drone  
  18  1:28  Drone  
  19  1:41  Drone  
  20  1:50  Drone  
  21  1:59  Queen  
  21  2:00  Overlord, Zergling x2, Queen  
  26  2:09  Drone  
  26  2:11  Drone  
  28  2:22  Drone x2  
  30  2:27  Hatchery  
  29  2:32  Drone x2  
  31  2:37  Queen  
  31  2:43  Metabolic Boost  
  33  2:47  Overlord  
  33  2:48  Drone  
  34  2:53  Drone  
  34  2:54  Drone  
  36  3:04  Overlord  
  36  3:06  Drone  
  37  3:21  Overlord  
  37  3:22  Queen  
  37  3:23  Drone x2  
  37  3:24  Drone  
  37  3:25  Drone x2  
  44  3:31  Extractor  
  44  3:32  Roach Warren  
  42  3:34  Zergling x4  
  44  3:41  Zergling x4  
  44  3:42  Zergling x2  
  44  3:43  Drone x2  
  44  3:48  Drone x3  
  52  3:58  Evolution Chamber  
  52  4:02  Drone x3  
  53  4:04  Drone x2  
  55  4:10  Lair  
  55  4:11  Drone x3  
  55  4:13  Overlord  
  58  4:20  Spore Crawler  
  58  4:23  Drone  
  58  4:27  Spore Crawler  
  57  4:34  Spore Crawler  
  57  4:35  Roach x4  
  57  4:36  Roach  
  65  4:42  Overlord x2  
  65  4:47  Overlord  
  65  4:48  Overlord  
  65  5:05  Roach  
  65  5:06  Roach x7  
  80  5:14  Zergling x10, Overseer  
  85  5:19  Zergling x6  
  88  5:21  Overseer  
  87  5:30  Zergling x8  
  81  5:39  Drone x3  
  83  5:46  Drone x5  
  88  5:50  Drone x3  
  91  6:03  Drone x4  
  95  6:07  Evolution Chamber  
  95  6:10  Drone x2  
  93  6:15  Drone x3  
  96  6:29  Overlord  
  96  6:30  Drone x2  
  95  6:34  Zerg Missile Weapons Level 1  
  95  6:36  Drone x2  
  95  6:37  Drone, Overlord, Extractor  
  95  6:38  Drone, Extractor  
  97  6:52  Overlord  
  97  6:55  Drone x9  
  97  6:57  Hatchery  
  103  7:04  Overlord  
  103  7:12  Roach x7  
  103  7:14  Extractor  
  116  7:21  Baneling Nest  
  113  7:29  Zergling x14  
  118  7:38  Zergling x2  
  118  7:39  Zergling x8  
  123  7:50  Roach x3  
  129  7:51  Glial Reconstitution  
  129  7:52  Overlord  
  129  8:01  Overlord  
  129  8:05  Overlord  
  129  8:07  Overlord  
  129  8:08  Queen  
  131  8:19  Overseer  
  131  8:24  Roach x13  
  157  8:28  Zerg Missile Weapons Level 2  
  157  8:32  Zergling x2  
  156  8:44  Centrifical Hooks  
  156  8:50  Zergling x22  
  156  8:54  Overlord  
  167  8:56  Overlord  
  167  9:02  Overlord  
  166  9:09  Baneling x5  
  166  9:10  Baneling x9, Overlord  
  166  9:14  Ravager x2  
  166  9:15  Ravager x5  
  166  9:16  Zergling x6  
  176  9:17  Overlord  
  176  9:20  Spore Crawler  
  175  9:24  Spore Crawler  
  175  9:25  Spore Crawler  
  175  9:28  Zergling x24  
  175  9:29  Spore Crawler  
  175  9:30  Spore Crawler  
  181  9:38  Zergling x16  
  162  9:49  Zergling x18  
  159  9:58  Zergling x2  
  150  10:00  Pneumatized Carapace  
  150  10:06  Zergling x2  
  150  10:07  Zergling x12  
  147  10:12  Queen  
  147  10:14  Drone x2  
  144  10:18  Overseer x2  
  142  10:25  Drone x4  
  142  10:26  Hydralisk Den, Extractor  
  142  10:28  Overseer  
  131  10:43  Zergling x24  
  131  10:44  Zergling x4  
  141  10:50  Drone x4  
  141  10:55  Hydralisk x2  
  149  10:59  Hydralisk x4  
  157  11:05  Hydralisk x3  
Show
View Real Time Build Order
Export as new Build Order

Gerald Protoss 

Build Orders: 1 Gate Expand, Archon Immortal, Dark Templar Rush 

Get SALT Encoding   

  12  0:00  Probe  
  13  0:12  Probe  
  14  0:20  Pylon  
  14  0:24  Probe  
  15  0:29  Assimilator  
  15  0:37  Probe  
  16  0:44  Gateway  
  16  0:45  Probe  
  17  0:56  Probe  
  18  1:08  Probe  
  19  1:20  Probe  
  20  1:27  Nexus  
  20  1:33  Cybernetics Core  
  20  1:37  Probe  
  21  1:42  Assimilator  
  21  1:49  Probe  
  21  1:51  Pylon  
  22  2:00  Adept  
  22  2:01  Probe  
  23  2:13  Probe  
  23  2:14  Twilight Council  
  26  2:17  Warp Gate  
  26  2:20  Stalker  
  26  2:25  Probe  
  29  2:37  Probe  
  29  2:39  Probe  
  31  2:44  Robotics Facility  
  31  2:50  Probe  
  32  2:55  Adept  
  32  2:56  Probe  
  35  3:02  Probe  
  36  3:08  Probe  
  37  3:14  Probe  
  37  3:16  Dark Shrine  
  38  3:20  Probe  
  38  3:21  Gateway  
  38  3:26  Probe  
  40  3:32  Probe  
  41  3:36  Gateway  
  41  3:39  Warp Prism, Gateway  
  41  3:40  Probe  
  42  3:44  Probe  
  43  3:53  Probe  
  46  4:05  Warp Prism, Probe x2  
  46  4:08  Pylon, Assimilator  
  44  4:10  Assimilator  
  44  4:12  Pylon  
  46  4:26  Probe  
  46  4:29  Probe  
  48  4:36  Pylon  
  48  4:41  Dark Templar x4  
  48  4:44  Probe  
  48  4:45  Pylon, Probe  
  57  4:51  Pylon  
  58  5:14  Dark Templar x2  
  58  5:16  Dark Templar  
  58  5:19  Probe  
  65  5:21  Gateway  
  65  5:23  Gateway  
  65  5:27  Immortal, Charge  
  53  5:53  Nexus  
  53  5:55  Pylon  
  53  5:56  Dark Templar  
  55  5:58  Zealot x2, Dark Templar  
  61  6:07  Immortal  
  61  6:13  Archon  
  61  6:14  Nexus  
  65  6:24  Zealot x2  
  69  6:26  Zealot  
  69  6:31  Probe  
  72  6:36  Nexus  
  72  6:40  Dark Templar x2  
  72  6:45  Pylon  
  76  6:49  Immortal  
  75  6:55  Zealot  
  75  6:58  Probe  
  82  7:08  Stargate, Probe  
  82  7:09  Stargate  
  82  7:11  Probe  
  84  7:21  Probe  
  85  7:23  Probe  
  85  7:29  Immortal  
  82  7:33  Probe  
  82  7:35  Probe  
  88  7:42  Assimilator  
  88  7:44  Assimilator  
  88  7:45  Probe  
  88  7:46  Pylon, Phoenix x2  
  88  7:47  Probe  
  90  7:53  Probe  
  90  7:57  Probe  
  96  7:59  Probe  
  96  8:03  Robotics Bay  
  97  8:05  Probe  
  97  8:08  Phoenix  
  97  8:09  Probe  
  97  8:10  Gateway x2, Phoenix  
  97  8:11  Probe  
  100  8:13  Pylon  
  100  8:18  Probe  
  105  8:20  Sentry  
  105  8:21  Sentry  
  105  8:23  Probe x2  
  105  8:27  Phoenix  
  113  8:36  Stalker x2  
  113  8:37  Phoenix  
  118  8:49  Probe  
  118  8:52  Forge  
  117  9:00  Phoenix x2  
  122  9:10  Pylon  
  122  9:16  Pylon  
  121  9:18  Nexus  
  121  9:22  Colossus, Archon  
  121  9:25  Pylon  
  121  9:29  Assimilator  
  125  9:32  Sentry x3  
  125  9:33  Assimilator  
  123  9:43  Dark Templar  
  123  9:44  Dark Templar  
  109  9:50  Dark Templar  
  78  10:00  Dark Templar  
  78  10:02  Probe  
  81  10:08  Probe  
  81  10:11  Zealot x3  
  85  10:15  Probe  
  85  10:16  Zealot  
  85  10:17  Zealot  
  85  10:20  Probe  
  91  10:22  Nexus  
  91  10:25  Zealot  
  91  10:27  Probe  
  94  10:32  Probe, Zealot x3  
  85  10:39  Probe  
  85  10:42  Probe  
  85  10:44  Probe  
  85  10:46  Nexus  
  86  10:51  Probe  
  86  10:54  Probe  
  86  10:56  Probe  
  89  10:58  Templar Archives  
  89  11:03  Probe  
  90  11:08  Probe  
  90  11:14  Sentry  
  90  11:15  Probe  
  90  11:16  Sentry  
  90  11:20  Dark Templar x4  
Tags
 
Add a new tag
Caveats
  • Supply blocks, unpowered buildings, or Contaminate may cause inaccurate times.
  • Supply counts are checked every 10 seconds.